Map: Catalyst LE

Players

Losira

  • Race: Zerg Zerg
  • Spawn Location: 11:00

Trap - Winner!

  • Race: Protoss Protoss
  • Spawn Location: 5:00

Event: IEM Season 12 - Katowice

VOD

Have the link to the VOD?

Description

Time

  • Played on: Feb. 27, 2018, 10:09 a.m.
  • Length: 8:32

All games in this series

Show
View Real Time Build Order
Export as new Build Order

Losira Zerg 

Build Orders: Hatch First 

Get SALT Encoding   

  12  0:00  Drone  
  13  0:12  Overlord  
  13  0:17  Drone  
  14  0:31  Drone x2  
  16  0:49  Hatchery  
  15  0:52  Drone  
  15  0:56  Drone  
  17  1:00  Drone  
  17  1:04  Extractor  
  17  1:16  Spawning Pool  
  16  1:19  Drone  
  16  1:24  Drone  
  18  1:29  Drone  
  19  1:38  Overlord  
  19  1:52  Drone  
  20  2:02  Queen x2  
  20  2:03  Zergling x2  
  20  2:07  Metabolic Boost  
  25  2:12  Zergling x2  
  25  2:15  Zergling x2  
  27  2:18  Zergling x2  
  27  2:22  Drone  
  29  2:24  Drone  
  30  2:34  Drone  
  30  2:36  Evolution Chamber  
  30  2:37  Drone  
  30  2:43  Drone  
  32  2:45  Overlord  
  32  2:55  Drone x2  
  34  3:04  Zergling x2  
  36  3:05  Zergling x2  
  36  3:10  Zergling x8  
  36  3:12  Zergling x4  
  42  3:18  Zergling x4  
  44  3:29  Overlord  
  44  3:33  Drone, Hatchery  
  43  3:46  Drone  
  43  3:48  Drone  
  43  3:49  Drone x6  
  50  3:56  Queen  
  50  3:59  Drone  
  50  4:01  Overlord  
  51  4:09  Spore Crawler  
  50  4:13  Drone  
  50  4:17  Drone  
  50  4:18  Spore Crawler, Lair  
  50  4:20  Drone  
  50  4:23  Drone  
  50  4:24  Drone  
  49  4:27  Drone x3  
  49  4:30  Drone  
  51  4:34  Drone  
  51  4:36  Queen  
  54  4:40  Overlord  
  54  4:43  Extractor  
  54  4:44  Extractor  
  54  4:45  Drone, Queen  
  53  4:50  Drone  
  53  4:51  Drone  
  57  4:56  Drone  
  57  4:57  Drone x2  
  57  4:59  Spore Crawler  
  59  5:00  Drone x2  
  59  5:03  Zerg Missile Weapons Level 1  
  59  5:06  Drone  
  62  5:09  Drone  
  62  5:10  Drone x3  
  66  5:18  Drone  
  66  5:19  Drone x2  
  66  5:20  Spore Crawler  
  64  5:30  Hydralisk Den  
  64  5:31  Drone x6  
  64  5:32  Drone x3  
  72  5:38  Extractor  
  72  5:39  Overlord x2, Extractor  
  72  5:42  Overlord  
  70  5:48  Overseer  
  70  5:51  Zergling x6  
  73  5:57  Overlord  
  73  5:58  Zergling x2  
  73  5:59  Zergling x2  
  73  6:00  Zergling x2  
  73  6:02  Zergling x2, Grooved Spines  
  77  6:04  Zergling x4  
  77  6:05  Zergling x2  
  77  6:06  Overlord  
  80  6:12  Overlord  
  79  6:19  Hydralisk  
  79  6:20  Hydralisk  
  79  6:24  Hydralisk x4  
  91  6:26  Hydralisk  
  91  6:28  Hydralisk  
  95  6:33  Hydralisk  
  95  6:37  Hydralisk  
  95  6:39  Zergling x2  
  100  6:40  Zergling x10  
  100  6:41  Hydralisk  
  107  6:49  Hydralisk  
  107  6:50  Hydralisk x2  
  107  6:53  Zergling x6  
  107  6:55  Hydralisk  
  107  6:57  Zergling x4  
  107  7:01  Zergling x2  
  99  7:03  Zergling x4  
  89  7:09  Hydralisk  
  89  7:11  Hydralisk  
  89  7:12  Hydralisk  
  89  7:14  Zergling x2, Muscular Augments  
  81  7:17  Drone  
  81  7:22  Drone  
  73  7:26  Drone  
  73  7:27  Drone  
  74  7:30  Drone  
  74  7:36  Drone  
  74  7:37  Drone x2  
  77  7:41  Drone x2  
  79  7:45  Queen  
  79  7:49  Drone x2  
  79  7:50  Drone  
  84  7:57  Hydralisk  
  85  8:02  Hydralisk  
  85  8:03  Zergling x2  
  85  8:04  Zergling x2  
  84  8:08  Zergling x6  
  59  8:13  Zergling x4  
Show
View Real Time Build Order
Export as new Build Order

Trap Protoss - Winner!

Build Orders: 1 Gate Expand, Oracle Opening 

Get SALT Encoding   

  12  0:00  Probe  
  13  0:12  Probe  
  14  0:20  Pylon  
  14  0:25  Probe  
  15  0:38  Probe (Chrono Boost)  
  16  0:44  Gateway  
  16  0:47  Probe (Chrono Boost)  
  17  0:52  Probe (Chrono Boost)  
  17  0:53  Assimilator  
  18  1:04  Probe  
  19  1:16  Probe  
  20  1:26  Nexus  
  20  1:36  Cybernetics Core  
  20  1:39  Probe  
  21  1:46  Assimilator  
  21  1:52  Probe  
  22  1:56  Pylon  
  22  2:04  Probe  
  23  2:13  Adept (Chrono Boost)  
  25  2:16  Probe  
  25  2:22  Stargate  
  26  2:28  Warp Gate (Chrono Boost), Probe (Chrono Boost)  
  27  2:32  Adept  
  29  2:38  Probe (Chrono Boost)  
  29  2:40  Probe (Chrono Boost)  
  31  2:48  Probe x2 (Chrono Boost)  
  33  2:53  Probe (Chrono Boost)  
  33  2:54  Probe  
  35  2:59  Adept  
  35  3:05  Probe, Oracle (Chrono Boost)  
  38  3:06  Probe  
  42  3:16  Pylon  
  42  3:17  Probe  
  42  3:18  Probe  
  44  3:29  Gateway  
  44  3:30  Gateway  
  44  3:33  Probe  
  45  3:36  Oracle (Chrono Boost)  
  48  3:48  Shield Battery  
  48  3:51  Pylon  
  48  3:54  Pylon  
  48  3:59  Shield Battery  
  48  4:02  Adept  
  47  4:10  Robotics Facility  
  47  4:12  Probe x2  
  48  4:18  Twilight Council  
  47  4:30  Probe x2  
  49  4:33  Phoenix, Assimilator  
  49  4:35  Assimilator  
  51  4:43  Cybernetics Core  
  51  4:46  Zealot x2  
  51  4:49  Probe x2  
  51  4:51  Resonating Glaives (Chrono Boost)  
  57  4:54  Pylon  
  57  5:02  Warp Prism  
  59  5:19  Gateway  
  59  5:20  Gateway  
  59  5:28  Gateway  
  59  5:29  Gateway  
  59  5:36  Gateway  
  59  5:38  Adept x2  
  59  5:39  Adept  
  65  5:57  Nexus  
  65  5:58  Pylon  
  65  6:14  Adept  
  65  6:15  Adept x2  
  71  6:22  Pylon  
  71  6:23  Pylon  
  71  6:24  Pylon  
  71  6:32  Adept x4  
  79  6:33  Adept  
  81  6:50  Adept x3  
  81  6:52  Adept x2  
  79  6:58  Adept x7  
  83  7:03  Adept  
  83  7:05  Warp Prism (Chrono Boost)  
  59  7:25  Adept  
  59  7:26  Adept x5  
  71  7:32  Adept x2  
  75  7:50  Adept  
  75  7:51  Adept x5  
  68  8:12  Adept x2  
  68  8:13  Adept x5  
  68  8:17  Adept  

Tags
 
Add a new tag
Caveats
  • Supply blocks, unpowered buildings, or Contaminate may cause inaccurate times.
  • Supply counts are checked every 10 seconds.